2215 views
Uploaded 2023-10-25 00:38:54
Game version 1.36 (6115)
52:08 long 2on2 ladder game on (4)Synergy_S2
Saved by GIGA
2215 views
Uploaded 2023-10-25 00:38:54
Game version 1.36 (6115)
52:08 long 2on2 ladder game on (4)Synergy_S2


87 units @ 9.6k
/ 1.4k
109 buildings @ 6.9k
/ 3k
GIGA
(207)
(52:06) : 


| Scroll of Regeneration | 1 | 100 |
| Lesser Clarity Potion | 1 | 70 |
| total: | 2 | 170g |
| Peasant | 14 | 1050 | / | 0 |
| Footman | 5 | 675 | / | 0 |
| Dragonhawk Rider | 8 | 1600 | / | 240 |
| Priest | 1 | 135 | / | 10 |
| total: | 28 | 3460g | / | 250w |
| Scout Tower | 35 | 1050 | / | 700 |
| Arcane Tower | 7 | 490 | / | 350 |
| Guard Tower | 6 | 420 | / | 300 |
| Altar of Kings | 1 | 180 | / | 50 |
| Farm | 7 | 560 | / | 140 |
| Barracks | 1 | 160 | / | 60 |
| Lumber Mill | 1 | 120 | / | 0 |
| Arcane Vault | 1 | 130 | / | 30 |
| Blacksmith | 1 | 140 | / | 60 |
| Gryphon Aviary | 1 | 140 | / | 150 |
| Arcane Sanctum | 1 | 150 | / | 140 |
| Keep | 1 | 320 | / | 210 |
| Castle | 1 | 360 | / | 210 |
| total: | 49 | 2630g | / | 1330w |
| 0:03 | Peasant |
| 0:03 | Peasant |
| 0:06 | Altar of Kings |
| 0:10 | Farm |
| 0:26 | Barracks |
| 0:41 | Peasant |
| 0:41 | Peasant |
| 0:51 | Farm |
| 0:59 | Peasant |
| 1:27 | Lumber Mill |
| 1:31 | Footman |
| 1:38 | Peasant |
| 1:41 | Scout Tower |
| 1:42 | Peasant |
| 1:56 | Peasant |
| 2:03 | Footman |
| 2:13 | Storm Bolt |
| 2:59 | Peasant |
| 2:59 | Peasant |
| 2:59 | Peasant |
| 3:01 | Arcane Tower |
| 3:02 | Scout Tower |
| 3:07 | Scout Tower |
| 3:07 | Scout Tower |
| 3:07 | Scout Tower |
| 3:39 | Guard Tower |
| 3:45 | Farm |
| 3:46 | Farm |
| 3:47 | Guard Tower |
| 4:31 | Peasant |
| 4:31 | Peasant |
| 4:31 | Peasant |
| 4:49 | Guard Tower |
| 4:51 | Improved Lumber Harvesting |
| 5:02 | Keep |
| 5:11 | Arcane Vault |
| 5:29 | Bash |
| 5:47 | Footman |
| 5:47 | Footman |
| 6:06 | Scout Tower |
| 6:07 | Scout Tower |
| 6:08 | Scout Tower |
| 6:09 | Scout Tower |
| 6:10 | Scout Tower |
| 6:52 | Improved Masonry |
| 6:56 | Arcane Tower |
| 6:58 | Scout Tower |
| 7:09 | Footman |
| 8:30 | Blacksmith |
| 9:20 | Scroll of Regeneration |
| 9:22 | Lesser Clarity Potion |
| 9:29 | Guard Tower |
| 9:36 | Scout Tower |
| 9:39 | Scout Tower |
| 10:25 | Guard Tower |
| 10:45 | Castle |
| 10:48 | Advanced Masonry |
| 11:00 | Storm Bolt |
| 11:06 | Holy Light |
| 11:07 | Storm Bolt |
| 11:33 | Gryphon Aviary |
| 11:38 | Arcane Sanctum |
| 12:19 | Scout Tower |
| 12:20 | Scout Tower |
| 12:20 | Scout Tower |
| 12:21 | Scout Tower |
| 12:22 | Scout Tower |
| 12:23 | Scout Tower |
| 12:24 | Scout Tower |
| 13:06 | Arcane Tower |
| 13:07 | Cloud |
| 13:40 | Arcane Tower |
| 13:43 | Magic Sentry |
| 13:47 | Imbued Masonry |
| 14:37 | Divine Shield |
| 14:44 | Arcane Tower |
| 14:48 | Scout Tower |
| 14:48 | Scout Tower |
| 14:50 | Scout Tower |
| 14:51 | Scout Tower |
| 19:20 | Dragonhawk Rider |
| 19:20 | Dragonhawk Rider |
| 19:20 | Dragonhawk Rider |
| 19:23 | Farm |
| 19:23 | Farm |
| 19:29 | Scout Tower |
| 19:29 | Scout Tower |
| 19:30 | Scout Tower |
| 19:30 | Scout Tower |
| 26:19 | Dragonhawk Rider |
| 26:19 | Dragonhawk Rider |
| 26:29 | Animal War Training |
| 26:30 | Studded Leather Armor |
| 28:25 | Dragonhawk Rider |
| 28:25 | Dragonhawk Rider |
| 28:26 | Dragonhawk Rider |
| 28:32 | Brilliance Aura |
| 29:23 | Farm |
| 31:23 | Priest |
| 37:01 | Storm Bolt |
| 37:35 | Divine Shield |
| 40:26 | Scout Tower |
| 40:28 | Scout Tower |
| 40:29 | Scout Tower |
| 40:30 | Scout Tower |
| 40:31 | Scout Tower |
| 41:40 | Arcane Tower |
| 41:41 | Arcane Tower |
| 41:43 | Guard Tower |
| 41:53 | Scout Tower |
| 41:54 | Scout Tower |
| 44:46 | Blizzard |
| Right click | 4328 |
| Select group | 3189 |
| Select | 467 |
| Build/train/purchase | 87 |
| Use ability | 80 |
| Resource trade | 60 |
| Assign group | 29 |
| Minimap ping | 21 |
| Misc. action | 12 |
| Chat | 3 |
| Remove unit | 1 |


| Scroll of Regeneration | 2 | 200 |
| Lesser Clarity Potion | 1 | 70 |
| Potion of Healing | 1 | 150 |
| Potion of Mana | 1 | 200 |
| Mechanical Critter | 2 | 100 |
| Orb of Fire | 2 | 650 |
| Ivory Tower | 5 | 200 |
| total: | 14 | 1570g |
| Peasant | 23 | 1725 | / | 0 |
| Footman | 5 | 675 | / | 0 |
| Flying Machine | 25 | 2500 | / | 750 |
| Mortar Team | 5 | 900 | / | 350 |
| Goblin Shredder | 1 | 375 | / | 100 |
| total: | 59 | 6175g | / | 1200w |
| Scout Tower | 26 | 780 | / | 520 |
| Arcane Tower | 3 | 210 | / | 150 |
| Guard Tower | 11 | 770 | / | 550 |
| Altar of Kings | 1 | 180 | / | 50 |
| Barracks | 1 | 160 | / | 60 |
| Farm | 21 | 1680 | / | 420 |
| Lumber Mill | 3 | 360 | / | 0 |
| Arcane Vault | 4 | 520 | / | 120 |
| Blacksmith | 1 | 140 | / | 60 |
| Workshop | 3 | 420 | / | 420 |
| Keep | 1 | 320 | / | 210 |
| Castle | 1 | 360 | / | 210 |
| total: | 60 | 4240g | / | 1650w |
| 0:02 | Peasant |
| 0:06 | Altar of Kings |
| 0:10 | Peasant |
| 0:18 | Barracks |
| 0:19 | Peasant |
| 0:34 | Farm |
| 0:36 | Peasant |
| 0:48 | Peasant |
| 1:01 | Farm |
| 1:03 | Peasant |
| 1:18 | Footman |
| 1:23 | Peasant |
| 1:33 | Scout Tower |
| 1:43 | Footman |
| 1:44 | Farm |
| 1:52 | Peasant |
| 2:02 | Arcane Tower |
| 2:06 | Scout Tower |
| 2:27 | Storm Bolt |
| 2:59 | Peasant |
| 3:02 | Arcane Tower |
| 3:03 | Lumber Mill |
| 3:05 | Peasant |
| 3:39 | Footman |
| 3:42 | Peasant |
| 4:24 | Footman |
| 4:27 | Keep |
| 4:29 | Scout Tower |
| 4:29 | Scout Tower |
| 4:57 | Bash |
| 4:59 | Guard Tower |
| 5:01 | Scout Tower |
| 5:04 | Arcane Vault |
| 5:06 | Scout Tower |
| 5:30 | Guard Tower |
| 5:31 | Scout Tower |
| 5:31 | Scout Tower |
| 5:34 | Improved Lumber Harvesting |
| 5:34 | Improved Masonry |
| 5:40 | Guard Tower |
| 5:45 | Footman |
| 5:53 | Guard Tower |
| 6:06 | Guard Tower |
| 6:08 | Scout Tower |
| 6:19 | Blacksmith |
| 6:21 | Guard Tower |
| 6:34 | Guard Tower |
| 6:45 | Scroll of Regeneration |
| 6:45 | Lesser Clarity Potion |
| 7:07 | Castle |
| 7:30 | Potion of Healing |
| 7:31 | Potion of Mana |
| 8:19 | Workshop |
| 8:23 | Lumber Mill |
| 8:43 | Holy Light |
| 9:07 | Flying Machine |
| 9:07 | Flying Machine |
| 9:24 | Advanced Lumber Harvesting |
| 9:30 | Peasant |
| 9:30 | Peasant |
| 9:36 | Flying Machine |
| 9:46 | Farm |
| 10:12 | Goblin Shredder |
| 10:17 | Flak Cannons |
| 10:33 | Storm Bolt |
| 11:16 | Flying Machine Bombs |
| 11:19 | Workshop |
| 11:21 | Workshop |
| 11:49 | Black Gunpowder |
| 11:54 | Mortar Team |
| 12:24 | Flare |
| 12:25 | Fragmentation Shards |
| 12:50 | Divine Shield |
| 12:55 | Refined Gunpowder |
| 13:08 | Farm |
| 13:09 | Farm |
| 13:10 | Farm |
| 13:11 | Farm |
| 13:12 | Farm |
| 13:13 | Farm |
| 13:46 | Flying Machine |
| 13:47 | Flying Machine |
| 13:51 | Farm |
| 13:52 | Farm |
| 13:52 | Farm |
| 13:54 | Farm |
| 13:54 | Farm |
| 14:11 | Imbued Gunpowder |
| 14:30 | Flying Machine |
| 14:43 | Mechanical Critter |
| 14:44 | Mechanical Critter |
| 14:52 | Flying Machine |
| 14:53 | Flying Machine |
| 14:56 | Iron Plating |
| 15:49 | Mortar Team |
| 16:06 | Flying Machine |
| 16:06 | Flying Machine |
| 16:06 | Flying Machine |
| 16:06 | Flying Machine |
| 16:06 | Flying Machine |
| 16:07 | Flying Machine |
| 16:07 | Flying Machine |
| 17:02 | Flying Machine |
| 17:14 | Mortar Team |
| 18:08 | Scout Tower |
| 18:09 | Scout Tower |
| 18:09 | Scout Tower |
| 18:10 | Scout Tower |
| 18:10 | Scout Tower |
| 18:14 | Scroll of Regeneration |
| 18:31 | Farm |
| 18:34 | Farm |
| 18:38 | Farm |
| 18:59 | Lumber Mill |
| 19:21 | Farm |
| 19:23 | Farm |
| 19:25 | Farm |
| 19:27 | Peasant |
| 19:27 | Peasant |
| 19:27 | Peasant |
| 19:33 | Arcane Tower |
| 19:35 | Scout Tower |
| 19:36 | Scout Tower |
| 20:11 | Guard Tower |
| 20:28 | Flying Machine |
| 20:28 | Flying Machine |
| 20:29 | Flying Machine |
| 20:29 | Flying Machine |
| 20:31 | Guard Tower |
| 21:48 | Bash |
| 21:49 | Bash |
| 21:51 | Holy Light |
| 21:52 | Holy Light |
| 22:03 | Flying Machine |
| 22:03 | Flying Machine |
| 22:03 | Flying Machine |
| 22:03 | Flying Machine |
| 23:26 | Flying Machine |
| 24:46 | Arcane Vault |
| 24:47 | Arcane Vault |
| 26:06 | Arcane Vault |
| 26:11 | Orb of Fire |
| 26:39 | Mortar Team |
| 26:54 | Ivory Tower |
| 26:54 | Ivory Tower |
| 26:56 | Orb of Fire |
| 27:19 | Ivory Tower |
| 27:19 | Ivory Tower |
| 27:21 | Studded Leather Armor |
| 27:30 | Ivory Tower |
| 28:09 | Guard Tower |
| 28:10 | Scout Tower |
| 28:11 | Scout Tower |
| 28:28 | Scout Tower |
| 28:29 | Scout Tower |
| 28:32 | Advanced Masonry |
| 28:40 | Guard Tower |
| 35:32 | Scout Tower |
| 35:33 | Scout Tower |
| 35:33 | Scout Tower |
| 35:34 | Scout Tower |
| 35:35 | Scout Tower |
| 35:35 | Scout Tower |
| 35:39 | Divine Shield |
| 37:04 | Storm Bolt |
| 37:35 | Peasant |
| 37:35 | Peasant |
| 37:35 | Peasant |
| 40:01 | Peasant |
| 40:01 | Peasant |
| 40:11 | Peasant |
| 40:11 | Peasant |
| 41:54 | Mortar Team |
| 45:22 | Holy Light |
| 51:21 | Avatar |
| Right click | 3481 |
| Select group | 1422 |
| Select | 567 |
| Build/train/purchase | 163 |
| Use ability | 162 |
| Misc. action | 138 |
| Assign group | 23 |
| Resource trade | 22 |
| Esc | 14 |
| Minimap ping | 11 |
| Item give/drop | 2 |
121 units @ 16.2k
/ 2.7k
109 buildings @ 16.4k
/ 8.4k
Baiaa2Da6
(2)
(51:42) : 


| Lesser Clarity Potion | 2 | 140 |
| Staff of Preservation | 2 | 300 |
| Potion of Healing | 3 | 450 |
| Orb of Venom | 2 | 650 |
| Scroll of Healing | 3 | 750 |
| Scroll of Town Portal | 5 | 1750 |
| Boots of Speed | 1 | 250 |
| Potion of Lesser Invulnerability | 4 | 600 |
| Scroll of Protection | 1 | 150 |
| Staff of Teleportation | 1 | 150 |
| Healing Salve | 1 | 100 |
| total: | 25 | 5290g |
| Wisp | 40 | 2400 | / | 0 |
| Archer | 2 | 260 | / | 20 |
| Mountain Giant | 4 | 1400 | / | 400 |
| Chimaera | 1 | 330 | / | 70 |
| Dryad | 5 | 725 | / | 300 |
| Druid of the Claw | 6 | 1530 | / | 480 |
| Goblin Shredder | 1 | 375 | / | 100 |
| Peon | 2 | 150 | / | 0 |
| Troll Batrider | 10 | 1600 | / | 400 |
| Shaman | 6 | 780 | / | 120 |
| Demolisher | 2 | 440 | / | 100 |
| Troll Berserker | 1 | 140 | / | 20 |
| total: | 80 | 10130g | / | 2010w |
| Ancient Protector | 20 | 2700 | / | 1600 |
| Altar of Elders | 1 | 180 | / | 50 |
| Moon Well | 9 | 1620 | / | 360 |
| Ancient of War | 1 | 150 | / | 60 |
| Ancient of Wonders | 1 | 90 | / | 30 |
| Hunter's Hall | 1 | 210 | / | 100 |
| Tree of Life | 1 | 340 | / | 185 |
| Ancient of Lore | 8 | 1240 | / | 1160 |
| Chimaera Roost | 1 | 140 | / | 190 |
| Tree of Ages | 1 | 320 | / | 180 |
| Tree of Eternity | 1 | 330 | / | 200 |
| Watch Tower | 19 | 2090 | / | 1520 |
| Barracks | 2 | 360 | / | 100 |
| Orc Burrow | 13 | 2080 | / | 520 |
| Great Hall | 1 | 385 | / | 185 |
| Altar of Storms | 4 | 720 | / | 200 |
| Beastiary | 3 | 435 | / | 420 |
| Spirit Lodge | 1 | 150 | / | 150 |
| total: | 86 | 12890g | / | 6830w |
| 0:03 | Wisp |
| 0:06 | Altar of Elders |
| 0:06 | Wisp |
| 0:14 | Moon Well |
| 0:21 | Ancient of War |
| 0:27 | Wisp |
| 0:37 | Wisp |
| 0:46 | Wisp |
| 1:02 | Wisp |
| 1:15 | Wisp |
| 1:22 | Archer |
| 1:37 | Moon Well |
| 1:40 | Wisp |
| 1:50 | Archer |
| 2:05 | Ancient of Wonders |
| 2:17 | Immolation |
| 2:46 | Wisp |
| 3:11 | Mana Burn |
| 3:16 | Wisp |
| 3:30 | Tree of Ages |
| 3:40 | Boots of Speed |
| 3:52 | Moon Well |
| 4:22 | Hunter's Hall |
| 4:27 | Lesser Clarity Potion |
| 5:56 | Frost Arrows |
| 6:00 | Ancient of Lore |
| 6:01 | Ancient of Lore |
| 6:12 | Ancient of Lore |
| 6:25 | Wisp |
| 6:26 | Wisp |
| 6:43 | Staff of Preservation |
| 6:43 | Potion of Healing |
| 7:07 | Tree of Eternity |
| 7:42 | Mountain Giant |
| 7:59 | Mountain Giant |
| 8:58 | Tree of Life |
| 9:29 | Healing Salve |
| 9:40 | Moon Well |
| 9:43 | Orb of Venom |
| 9:46 | Resistant Skin |
| 10:15 | Mana Burn |
| 10:16 | Forked Lightning |
| 10:23 | Wisp |
| 10:24 | Wisp |
| 11:06 | Goblin Shredder |
| 11:20 | Forked Lightning |
| 11:35 | Chimaera Roost |
| 11:36 | Mountain Giant |
| 11:40 | Lesser Clarity Potion |
| 11:50 | Wisp |
| 11:53 | Ancient Protector |
| 11:54 | Ancient Protector |
| 11:59 | Ancient Protector |
| 12:05 | Wisp |
| 12:05 | Wisp |
| 12:36 | Wisp |
| 12:41 | Staff of Preservation |
| 13:04 | Chimaera |
| 13:08 | Abolish Magic |
| 13:09 | Dryad |
| 13:17 | Potion of Lesser Invulnerability |
| 13:17 | Scroll of Healing |
| 13:33 | Druid of the Claw Adept Training |
| 14:06 | Druid of the Claw Master Training |
| 14:06 | Druid of the Claw |
| 14:49 | Frost Arrows |
| 15:07 | Backpack |
| 15:09 | Moon Well |
| 15:14 | Nature's Blessing |
| 15:18 | Well Spring |
| 15:34 | Wisp |
| 15:45 | Potion of Healing |
| 15:59 | Wisp |
| 16:10 | Hardened Skin |
| 16:12 | Corrosive Breath |
| 16:14 | Strength of the Wild |
| 16:25 | Moon Well |
| 16:25 | Wisp |
| 16:40 | Immolation |
| 17:28 | Moon Well |
| 18:00 | Dryad |
| 18:07 | Rain of Fire |
| 18:16 | Wisp |
| 18:16 | Wisp |
| 18:22 | Ancient Protector |
| 18:33 | Ancient Protector |
| 18:55 | Ancient Protector |
| 18:57 | Wisp |
| 19:39 | Dryad |
| 19:47 | Scroll of Town Portal |
| 20:08 | Ancient Protector |
| 20:12 | Wisp |
| 20:30 | Ancient Protector |
| 20:31 | Wisp |
| 20:36 | Ancient Protector |
| 20:38 | Ancient Protector |
| 20:49 | Wisp |
| 21:13 | Ancient Protector |
| 21:15 | Ancient Protector |
| 21:40 | Orb of Venom |
| 22:10 | Mountain Giant |
| 22:50 | Barracks |
| 22:54 | Beastiary |
| 23:19 | Beastiary |
| 23:31 | Beastiary |
| 23:36 | Watch Tower |
| 23:37 | Watch Tower |
| 23:38 | Watch Tower |
| 23:39 | Watch Tower |
| 23:41 | Peon |
| 23:42 | Peon |
| 23:42 | Watch Tower |
| 23:51 | Wisp |
| 24:08 | Scroll of Town Portal |
| 24:08 | Potion of Lesser Invulnerability |
| 24:16 | Ancient Protector |
| 24:18 | Scroll of Healing |
| 24:18 | Scroll of Protection |
| 24:29 | Troll Batrider |
| 24:35 | Watch Tower |
| 24:38 | Watch Tower |
| 24:39 | Troll Batrider |
| 24:42 | Orc Burrow |
| 24:47 | Watch Tower |
| 25:01 | Troll Batrider |
| 25:15 | Troll Batrider |
| 25:47 | Troll Batrider |
| 25:50 | Druid of the Claw |
| 26:21 | Troll Batrider |
| 26:29 | Troll Batrider |
| 26:52 | Liquid Fire |
| 27:31 | Troll Batrider |
| 28:13 | Troll Batrider |
| 28:30 | Spirit Lodge |
| 29:42 | Wisp |
| 29:47 | Shaman Adept Training |
| 30:14 | Troll Batrider |
| 31:07 | Great Hall |
| 31:16 | Shaman Master Training |
| 31:17 | Shaman |
| 31:17 | Shaman |
| 31:28 | Demolisher |
| 31:28 | Demolisher |
| 31:44 | Watch Tower |
| 31:46 | Watch Tower |
| 31:55 | Watch Tower |
| 32:13 | Improved Strength of the Wild |
| 32:14 | Reinforced Hides |
| 32:16 | Scroll of Town Portal |
| 32:17 | Potion of Lesser Invulnerability |
| 32:17 | Scroll of Healing |
| 32:47 | Troll Berserker |
| 32:53 | Druid of the Claw |
| 34:50 | Dryad |
| 35:16 | Dryad |
| 35:21 | Shaman |
| 35:21 | Shaman |
| 35:32 | Druid of the Claw |
| 35:49 | Ancient Protector |
| 35:54 | Scroll of Town Portal |
| 35:54 | Potion of Healing |
| 36:06 | Druid of the Claw |
| 37:07 | Mana Burn |
| 37:13 | Shaman |
| 37:37 | Shaman |
| 37:42 | Druid of the Claw |
| 38:06 | Wisp |
| 38:06 | Wisp |
| 38:16 | Ancient Protector |
| 38:20 | Ancient Protector |
| 38:22 | Ancient Protector |
| 38:23 | Ancient Protector |
| 39:31 | Wisp |
| 39:32 | Wisp |
| 41:46 | Ancient of Lore |
| 41:48 | Ancient of Lore |
| 42:28 | Altar of Storms |
| 42:30 | Orc Burrow |
| 42:32 | Orc Burrow |
| 42:33 | Orc Burrow |
| 42:55 | Wisp |
| 42:55 | Wisp |
| 42:55 | Wisp |
| 42:55 | Wisp |
| 43:21 | Wisp |
| 43:22 | Wisp |
| 43:22 | Wisp |
| 43:44 | Orc Burrow |
| 43:45 | Orc Burrow |
| 43:47 | Barracks |
| 43:48 | Altar of Storms |
| 43:49 | Orc Burrow |
| 43:50 | Orc Burrow |
| 44:12 | Scroll of Town Portal |
| 44:27 | Altar of Storms |
| 44:54 | Moon Well |
| 44:54 | Moon Well |
| 44:58 | Staff of Teleportation |
| 44:59 | Potion of Lesser Invulnerability |
| 45:11 | Ancient of Lore |
| 46:05 | Ancient of Lore |
| 46:24 | Ancient of Lore |
| 46:41 | Ancient Protector |
| 46:42 | Ancient Protector |
| 47:10 | Watch Tower |
| 47:10 | Watch Tower |
| 47:11 | Watch Tower |
| 47:11 | Watch Tower |
| 47:11 | Watch Tower |
| 47:19 | Watch Tower |
| 47:19 | Watch Tower |
| 47:20 | Watch Tower |
| 48:41 | Altar of Storms |
| 49:04 | Orc Burrow |
| 49:06 | Orc Burrow |
| 51:12 | Orc Burrow |
| 51:13 | Orc Burrow |
| 51:15 | Orc Burrow |
| Right click | 2380 |
| Select group | 1317 |
| Select | 1314 |
| Misc. action | 301 |
| Build/train/purchase | 277 |
| Use ability | 175 |
| Resource trade | 64 |
| Assign group | 58 |
| Esc | 16 |
| Item give/drop | 8 |
| Minimap ping | 8 |


| Potion of Healing | 1 | 150 |
| Healing Salve | 5 | 500 |
| Lesser Clarity Potion | 4 | 280 |
| Scroll of Speed | 3 | 150 |
| Orb of Lightning | 1 | 375 |
| Scroll of Town Portal | 2 | 700 |
| Replenishment Potion | 1 | 150 |
| total: | 17 | 2305g |
| Peon | 18 | 1350 | / | 0 |
| Grunt | 7 | 1400 | / | 0 |
| Demolisher | 6 | 1320 | / | 300 |
| Troll Headhunter | 1 | 140 | / | 20 |
| Troll Berserker | 3 | 420 | / | 60 |
| Tauren | 2 | 560 | / | 160 |
| Troll Batrider | 1 | 160 | / | 40 |
| Kodo Beast | 1 | 255 | / | 60 |
| Spirit Walker | 1 | 195 | / | 35 |
| Goblin Zeppelin | 1 | 240 | / | 60 |
| total: | 41 | 6040g | / | 735w |
| Watch Tower | 9 | 990 | / | 720 |
| Altar of Storms | 1 | 180 | / | 50 |
| Orc Burrow | 6 | 960 | / | 240 |
| Barracks | 2 | 360 | / | 100 |
| Voodoo Lounge | 1 | 130 | / | 30 |
| War Mill | 1 | 205 | / | 0 |
| Great Hall | 1 | 385 | / | 185 |
| Tauren Totem | 1 | 135 | / | 155 |
| Beastiary | 1 | 145 | / | 140 |
| Stronghold | 1 | 315 | / | 190 |
| Fortress | 1 | 325 | / | 190 |
| total: | 23 | 3490g | / | 1620w |
| 0:08 | Peon |
| 0:08 | Peon |
| 0:10 | Peon |
| 0:31 | Altar of Storms |
| 0:32 | Peon |
| 0:37 | Orc Burrow |
| 0:39 | Peon |
| 0:43 | Peon |
| 0:50 | Peon |
| 1:00 | Barracks |
| 1:02 | Peon |
| 1:11 | Peon |
| 1:26 | Peon |
| 1:41 | Orc Burrow |
| 1:56 | Voodoo Lounge |
| 2:08 | Orc Burrow |
| 2:36 | Grunt |
| 2:39 | Pillage |
| 2:41 | Feral Spirit |
| 2:52 | Peon |
| 3:33 | Grunt |
| 3:39 | Barracks |
| 3:48 | Stronghold |
| 4:02 | Chain Lighting |
| 4:21 | Grunt |
| 4:30 | War Mill |
| 4:42 | Grunt |
| 5:06 | Grunt |
| 5:35 | Feral Spirit |
| 5:45 | Orc Burrow |
| 6:15 | Berserker Strength |
| 6:18 | Steel Melee Weapons |
| 6:19 | Spiked Barricades |
| 6:43 | Reinforced Defenses |
| 7:10 | Endurance Aura |
| 7:11 | Potion of Healing |
| 7:15 | Healing Salve |
| 7:16 | Lesser Clarity Potion |
| 7:18 | Scroll of Speed |
| 7:21 | Goblin Zeppelin |
| 7:54 | Grunt |
| 7:55 | Steel Armor |
| 8:18 | Fortress |
| 9:17 | Demolisher |
| 9:37 | Improved Spiked Barricades |
| 9:40 | Orc Burrow |
| 9:44 | Grunt |
| 9:54 | Lesser Clarity Potion |
| 9:56 | Scroll of Speed |
| 10:19 | Demolisher |
| 10:24 | Orc Burrow |
| 10:32 | Chain Lighting |
| 10:40 | Scroll of Town Portal |
| 10:45 | Burning Oil |
| 11:11 | Replenishment Potion |
| 11:20 | Shockwave |
| 11:40 | Demolisher |
| 12:12 | Demolisher |
| 12:15 | Healing Salve |
| 12:48 | Demolisher |
| 13:21 | Shockwave |
| 13:41 | Tauren Totem |
| 13:50 | Lesser Clarity Potion |
| 13:50 | Healing Salve |
| 14:00 | Scroll of Town Portal |
| 14:13 | Healing Salve |
| 15:28 | Watch Tower |
| 15:39 | Feral Spirit |
| 15:48 | Great Hall |
| 15:50 | Watch Tower |
| 15:54 | Watch Tower |
| 16:09 | Spirit Walker Adept Training |
| 16:10 | Berserker Upgrade |
| 16:11 | Troll Headhunter |
| 16:41 | Pulverize |
| 16:43 | Thorium Melee Weapons |
| 17:13 | Troll Berserker |
| 17:14 | Tauren |
| 17:20 | Beastiary |
| 17:43 | Watch Tower |
| 17:56 | Watch Tower |
| 18:14 | Watch Tower |
| 18:33 | Lesser Clarity Potion |
| 18:34 | Healing Salve |
| 18:40 | Troll Berserker |
| 18:41 | Troll Batrider |
| 18:42 | Kodo Beast |
| 18:49 | Watch Tower |
| 18:50 | Peon |
| 18:51 | Peon |
| 18:55 | Orb of Lightning |
| 18:56 | Scroll of Speed |
| 19:17 | Watch Tower |
| 19:30 | Peon |
| 19:31 | Peon |
| 19:48 | Demolisher |
| 19:48 | Troll Berserker |
| 19:57 | Peon |
| 20:07 | Peon |
| 20:07 | Peon |
| 20:31 | Endurance Aura |
| 21:13 | Spirit Walker Master Training |
| 21:13 | Spirit Walker |
| 21:13 | Tauren |
| 21:17 | Watch Tower |
| Right click | 817 |
| Select | 431 |
| Select group | 191 |
| Build/train/purchase | 132 |
| Chat | 90 |
| Misc. action | 63 |
| Use ability | 45 |
| Assign group | 11 |
| Remove unit | 3 |
| Esc | 1 |
โ